 Dungeon Crawl Stone Soup version 0.28-a0-802-g09f76e8c00 (webtiles) character file.

Game seed: 3367435411940454882

240 porpoise the Magician (level 5, -15/28 HPs)
             Began as a Deep Elf Conjurer on Nov 7, 2021.
             Was an Initiate of Vehumet.
             Demolished by a two-headed ogre (22 damage)
             ... on level 5 of the Dungeon.
             The game lasted 00:11:57 (4385 turns).

porpoise the Magician (Deep Elf Conjurer)           Turns: 4385, Time: 00:11:58

Health: -15/28     AC:  4    Str:  4    XL:     5   Next: 79%
Magic:  3/15       EV: 12    Int: 24    God:    Vehumet [......]
Gold:   117        SH:  0    Dex: 13    Spells: 5/16 levels left

rFire   . . .      SeeInvis .   a - +2 dagger (elec)
rCold   . . .      Faith    .   (no shield)
rNeg    . . .      Spirit   .   d - +0 robe
rPois   .          Reflect  .   n - +1 helmet
rElec   .          Harm     .   (no cloak)
rCorr   .          Rampage  .   (no gloves)
Will    .....                   (no boots)
Stlth   ++........              (no amulet)
HPRegen 0.09/turn               (no ring)
MPRegen 0.14/turn               (no ring)

@: no status effects
A: no striking features
a: Renounce Religion


You were on level 5 of the Dungeon.
You worshipped Vehumet.
Vehumet was noncommittal.
You visited 1 branch of the dungeon, and saw 5 of its levels.

You collected 117 gold pieces.

Inventory:

Hand Weapons
 a - a +2 dagger of electrocution (weapon)
Missiles
 b - 2 throwing nets
 c - 99 stones
 j - 23 poisoned darts
 k - 26 sling bullets
 m - a boomerang
Armour
 d - a +0 robe (worn)
 f - a +0 buckler
 n - a +1 helmet (worn)
Wands
 s - a wand of flame (6)
Scrolls
 e - a scroll of fog {unknown}
 g - a scroll of blinking {unknown}
 l - a scroll of fear {unknown}
Potions
 h - 2 potions of attraction
 i - a potion of haste
 o - a potion of lignification
 p - a potion of brilliance {unknown}
 r - a potion of flight {unknown}


   Skills:
 - Level 2.4 Dodging
 - Level 2.4 Stealth
 + Level 6.2 Spellcasting
 - Level 5.6 Conjurations
 + Level 3.0 Hexes


You had 5 spell levels left.
You knew the following spells:

 Your Spells              Type           Power      Damage    Failure   Level
a - Magic Dart            Conj           100%       1d8       1%          1
b - Searing Ray           Conj           68%        2d6       1%          2
c - Fulminant Prism       Conj/Hex       14%        3d9       13%         4
d - Iskenderun's Mystic   Conj/Tloc      21%        2d6       24%         4

Your spell library contained the following spells:

 Spells                   Type           Power      Damage    Failure   Level
 Dazzling Flash           Conj/Hex       56%        N/A       4%          3


Dungeon Overview and Level Annotations

Branches:
Dungeon (5/15)             Temple (0/1) D:4

Altars:
Ru
Vehumet

Shops:
D:2 [

Annotations:
D:5 Ijyb


Message History

The searing ray hits the two-headed ogre!
The two-headed ogre is lightly wounded. (Press . to maintain the ray.) Ijyb hits you with a +0 dagger.
The searing ray hits Ijyb but does no damage.
Ijyb is heavily wounded.
The searing ray hits the two-headed ogre!
The two-headed ogre is moderately wounded.
Ijyb zaps a wand.
Your mind is blasted!
Ouch! That really hurt!
* * * LOW HITPOINT WARNING * * *
Okay, then.
The searing ray hits Ijyb.
Ijyb is heavily wounded.
The searing ray hits the two-headed ogre!
The two-headed ogre is heavily wounded.
The searing ray hits the two-headed ogre.
The two-headed ogre is heavily wounded.
The searing ray hits Ijyb.
Ijyb is heavily wounded.
You finish channelling your searing ray.
You feel better.
The two-headed ogre barely misses you. x2
Casting: Searing Ray (safe; 1% risk of failure)
Confirm with . or Enter, or press ? or * to list all spells.
Aiming: Searing Ray (safe; 1% risk of failure)
Press: ? - help, Shift-Dir - straight line, f/p - Ijyb
Aim: Ijyb, wielding a +0 dagger, wearing a +0 ring mail and carrying a wand of mindburst (7) (heavily wounded, 78% to hit)
The searing ray hits the two-headed ogre.
The two-headed ogre is severely wounded.
The searing ray hits Ijyb but does no damage.
Ijyb is heavily wounded. (Press . to maintain the ray.)
The searing ray hits the two-headed ogre.
The two-headed ogre is severely wounded.
The searing ray hits Ijyb.
Ijyb is severely wounded.
Ijyb screams, "Me very upset!"
The two-headed ogre hits you with a +0 giant club!!
Ouch! That really hurt!
You die...

#### #.. #.#
##.########
#####..g.......
#.....@O.....#
##.###..#####.#
#####...##..#
#.....#.....#
#.###...##...#
##.####.####..#
##...# #.# #...
#<.#.# .# #....
#....# .#


You could see a two-headed ogre and Ijyb.

Vanquished Creatures
  An orc priest (D:3)
  2 iguanas (D:4)
  4 gnolls (D:3)
  2 adders
  An adder skeleton (D:4)
  3 worms
  3 dart slugs
  3 orcs (D:3)
  7 bats
  6 endoplasms
  A giant cockroach (D:2)
  6 goblins
  8 hobgoblins
  4 jackals (D:1)
  9 kobolds
  8 quokkas
  8 ball pythons
  2 frilled lizards (D:1)
  3 rats
81 creatures vanquished.

Notes
Turn   | Place    | Note
-------+----------+-------------------------------------------
     0 | D:1      | porpoise the Deep Elf Conjurer began the quest for the Orb.
     0 | D:1      | Reached XP level 1. HP: 10/10 MP: 6/6
   500 | D:1      | Reached XP level 2. HP: 15/15 MP: 4/8
   537 | D:1      | Learned a level 2 spell: Searing Ray
  1260 | D:1      | Reached skill level 4 in Spellcasting
  1456 | D:1      | Reached skill level 5 in Conjurations
  1456 | D:1      | Reached XP level 3. HP: 19/19 MP: 8/10
  2082 | D:2      | Found Imeorpha's Armour Emporium.
  2582 | D:3      | Found a sacrificial altar of Ru.
  2608 | D:3      | Reached XP level 4. HP: 24/24 MP: 4/12
  2683 | D:3      | Reached skill level 5 in Spellcasting
  3013 | D:3      | Learned a level 4 spell: Fulminant Prism
  3018 | D:3      | Learned a level 4 spell: Iskenderun's Mystic Blast
  3100 | D:3      | Reached skill level 1 in Hexes
  3102 | D:3      | Reached XP level 5. HP: 25/28 MP: 4/14
  3214 | D:3      | Found a radiant altar of Vehumet.
  3273 | D:3      | Became a worshipper of Vehumet
  3683 | D:4      | Found a staircase to the Ecumenical Temple.
  3843 | D:4      | Reached skill level 6 in Spellcasting
  4354 | D:5      | Entered Level 5 of the Dungeon
  4370 | D:5      | Noticed Ijyb
  4376 | D:5      | Noticed a two-headed ogre
  4379 | D:5      | HP: 1/28 [disintegration (23)]
  4385 | D:5      | Demolished by a two-headed ogre

Illustrated notes

Levels and vault maps discovered:
D:1:      psy_arrival_radial01, layout_loops_corners,
          chequers_hall_statues_wall_a
D:2:      layout_loops_ring, serial_shops, nicolae_shop_crystal,
          chequers_serial_rivers_large_a
D:3:      layout_loops_cross, vehumet_crystals,
          mainiacjoe_overflow_tiny_flanked, moated_statue, st_stairs_12
D:4:      layout_loops_cross, minmay_temple_entry_arrows, chequers_jeans
D:5:      layout_loops_ring, kennysheep_boxes, uniq_ijyb

Skill      XL: |  1  2  3  4  5 |
---------------+----------------+-----
Spellcasting   | 4 5 6 |  6.2
Conjurations   | 5 |  5.6
Hexes          | 1 3 |  3.0
Dodging        | |  2.4
Stealth        | |  2.4

Action                   |  1- 3 |  4- 6 || total
-------------------------+-------+-------++-------
 Cast: Magic Dart        |    68 |    34 ||   102
       Searing Ray       |     7 |    13 ||    20
  Use: Scroll            |       |     4 ||     4
       Potion            |       |     1 ||     1
Armor: Robe              |       |     1 ||     1
Dodge: Dodged            |    10 |     7 ||    17

Table legend: (Time is in decaauts)
 A = Elapsed time spent in this place.
 B = Non-inter-level travel time spent in this place.
 C = Inter-level travel time spent in this place.
 D = Time resting spent in this place.
 E = Time spent auto-exploring this place.
 F = Levels seen in this place.
 G = Mean time per level.
                   A        B        C        D        E       F      G
               +--------+--------+--------+--------+--------+-----+--------+
         Total |   4390 |   4307 |     83 |   1380 |   2494 |   5 |  878.0 |
       Dungeon |   4390 |   4307 |     83 |   1380 |   2494 |   5 |  878.0 |
               +--------+--------+--------+--------+--------+-----+--------+

Top non-repeatable levels by time:
     D:1: 1581 daAuts
     D:3: 993 daAuts
     D:2: 982 daAuts
     D:4: 802 daAuts
     D:5: 30 daAuts
